 Dungeon Crawl Stone Soup version 0.20.0-8-g6b59dc7 (webtiles) character file.

427 JarielCorvus the Thaumaturge (level 6, -2/32 HPs)
             Began as a Deep Elf Wizard on June 1, 2017.
             Slain by Pikel
             ... wielding a +2 whip of flaming
              (7 damage)
             ... on level 4 of the Dungeon.
             The game lasted 00:14:49 (4001 turns).

JarielCorvus the Thaumaturge (Deep Elf Wizard)      Turns: 4001, Time: 00:14:49

Health: -2/32      AC:  2    Str:  4    XL:     6   Next: 65%
Magic:  6/19       EV: 13    Int: 25    God:
Gold:   135        SH:  0    Dex: 13    Spells: 2/22 levels left

rFire    . . .     SeeInvis .   j - +1 dagger (drain)
rCold    . . .     Gourm    .   (no shield)
rNeg     . . .     Faith    .   a - +0 robe
rPois    .         Spirit   .   b - +0 hat
rElec    .         Reflect  .   (no cloak)
rCorr    .         Harm     .   (no gloves)
MR       .....                  (no boots)
Stlth    ++........             (no amulet)
Regen    0.1/turn               (no ring)
MPRegen  0.2/turn               (no ring)

@: no status effects
A: no striking features
a: no special abilities


You were on level 4 of the Dungeon.
You were hungry.

You visited 1 branch of the dungeon, and saw 4 of its levels.
You also visited: Sewer.

You collected 135 gold pieces.

Inventory:

Hand Weapons
 e - a +0 short sword
 j - a +1 dagger of draining (weapon)
Armour
 a - a +0 robe (worn)
 b - a +0 hat (worn)
Scrolls
 h - a scroll of recharging
 l - a scroll of blinking {unknown}
 o - a scroll of fear
 q - 2 scrolls of amnesia {unknown}
 r - a scroll of remove curse {unknown}
 u - a scroll of fog {unknown}
Potions
 g - 2 potions of lignification
 i - 3 potions of degeneration {unknown}
 k - a potion of curing
 p - 2 potions of brilliance {unknown}
Books
 c - a book of Minor Magic

   Spells                             Type                      Level
   a - Magic Dart                     Conjuration                  1
   b - Blink                          Translocation                2
   c - Call Imp                       Summoning                    2
   d - Slow                           Hexes                        2
   e - Conjure Flame                  Conjuration/Fire             3
   f - Mephitic Cloud                 Conjuration/Poison/Air       3
 n - a book of Flames

   Spells                             Type                      Level
   a - Flame Tongue                   Conjuration/Fire             1
   b - Throw Flame                    Conjuration/Fire             2
   c - Conjure Flame                  Conjuration/Fire             3
   d - Inner Flame                    Hexes/Fire                   3
   e - Sticky Flame                   Conjuration/Fire             4
   f - Fireball                       Conjuration/Fire             5
Comestibles
 d - 3 bread rations
 f - 4 royal jellies


   Skills:
 - Level 2.4 Dodging
 - Level 2.4 Stealth
 * Level 8.7 Spellcasting
 + Level 4.3 Conjurations
 - Level 1.1 Summonings
 - Level 1.1 Translocations


You had 2 spell levels left.
You knew the following spells:

 Your Spells              Type           Power        Failure   Level  Hunger
a - Magic Dart            Conj           ####         1%          1    None
b - Blink                 Tloc           N/A          5%          2    None
c - Call Imp              Summ           ###.....     5%          2    None
d - Conjure Flame         Conj/Fire      ###.....     7%          3    None
e - Mephitic Cloud        Conj/Pois/Air  ###.....     10%         3    None
f - Inner Flame           Hex/Fire       ##......     17%         3    None
g - Throw Flame           Conj/Fire      ###...       3%          2    None
h - Sticky Flame          Conj/Fire      ###.....     22%         4    ##.....


Dungeon Overview and Level Annotations

Branches:
Dungeon (4/15)
 Temple: D:4-7

Altars:
Cheibriados

Shops:
D:4 (:*

Annotations:
D:4 Deathclocker's ghost, novice CeHu; Eustachio; Pikel


Message History

Pikel is heavily wounded.
Pikel hits you with a whip of flaming! Pikel burns you.
* * * LOW HITPOINT WARNING * * *
The slave barely misses you.
Pikel looks very confused.
The slave hits you.
* * * LOW HITPOINT WARNING * * *
Pikel hits the slave with a whip of flaming.
Pikel burns the slave.
Pikel seems less confused.
You open the door. The slave closely misses you.
Found Fafesch's Book Shop.
There is an open door here.
Casting: Magic Dart
Confirm with . or Enter, or press ? or * to list all spells.
You blink.
The slave closely misses you.
Casting: Blink
Confirm with . or Enter, or press ? or * to list all spells.
You blink.
The slave barely misses you. Pikel hits you with a whip of flaming!
You die...

#..#### #.#####...p##.#####.
#..######.#####.##..........
#...............#####.......
##.######.#####........####.
#######.# #### #######p##
........# #∩# #.# #########
#§## ######.#
#.p######......#
##§p@Kp........#
##############.###.## #
###)...# #.# #.#
######......#########.#
#.#######
.........P............#
#........
#####..P∩P..###########
######### #..PP...#
#......## ########


You could see Pikel and 3 slaves.

Vanquished Creatures
  Purgy (Sewer)
  An ogre (D:4)
  Jessica (D:2)
  A worker ant (D:4)
  Robin (D:1)
  4 gnolls (D:3)
  An adder (D:3)
  5 worms
  4 dart slugs (D:1)
  5 leopard geckos
  4 orcs (D:3)
  4 giant cockroaches
  23 goblins
  10 hobgoblins
  8 jackals
  A quokka (D:2)
  2 ball pythons
  9 bats
  8 frilled lizards
  8 kobolds
  5 rats
106 creatures vanquished.

Notes
Turn   | Place    | Note
-------+----------+-------------------------------------------
     0 | D:1      | JarielCorvus the Deep Elf Wizard began the quest for the Orb.
     0 | D:1      | Reached XP level 1. HP: 10/10 MP: 7/7
   183 | D:1      | Reached XP level 2. HP: 15/15 MP: 3/9
   246 | D:1      | Learned a level 2 spell: Blink
   249 | D:1      | Learned a level 2 spell: Call Imp
   250 | D:1      | Reached skill level 5 in Spellcasting
   698 | D:1      | Reached XP level 3. HP: 14/19 MP: 4/11
  1085 | D:2      | Learned a level 3 spell: Conjure Flame
  1089 | D:2      | Learned a level 3 spell: Mephitic Cloud
  1356 | D:2      | Reached skill level 6 in Spellcasting
  1425 | D:2      | Noticed Jessica
  1428 | D:2      | Killed Jessica
  1428 | D:2      | Reached XP level 4. HP: 24/24 MP: 8/14
  1679 | D:2      | Noticed Robin
  1726 | D:1      | Killed Robin
  2203 | D:3      | Found a glowing drain.
  2214 | D:3      | Reached XP level 5. HP: 28/28 MP: 4/16
  2352 | D:3      | Reached skill level 7 in Spellcasting
  2565 | Sewer    | Entered a sewer
  2645 | Sewer    | Noticed Purgy
  2656 | Sewer    | Killed Purgy
  2656 | Sewer    | Reached XP level 6. HP: 30/32 MP: 4/18
  2700 | Sewer    | Learned a level 3 spell: Inner Flame
  2703 | Sewer    | Learned a level 2 spell: Throw Flame
  2810 | D:3      | Reached skill level 8 in Spellcasting
  3064 | D:3      | Found a snail-covered altar of Cheibriados.
  3454 | D:3      | Learned a level 4 spell: Sticky Flame
  3505 | D:4      | Noticed Pikel
  3508 | D:4      | Noticed a slave
  3513 | D:4      | Noticed a slave
  3518 | D:4      | Noticed a slave
  3637 | D:4      | Found Feorioff's General Store.
  3658 | D:4      | Noticed Eustachio
  3685 | D:4      | Noticed Deathclocker's ghost (novice CeHu)
  3911 | D:4      | Found Muuron's Antique Weapon Emporium.
  3952 | D:4      | Noticed a slave
  3998 | D:4      | Found Fafesch's Book Shop.
  4001 | D:4      | Slain by Pikel

Skill      XL: |  1  2  3  4  5  6 |
---------------+-------------------+-----
Spellcasting   | 5 6 7 8 |  8.7
Conjurations   | 2 3 4 |  4.3
Dodging        | |  2.4
Stealth        | |  2.4
Summonings     | |  1.1
Translocations | |  1.1

Action                   |  1- 3 |  4- 6 || total
-------------------------+-------+-------++-------
Melee: Dagger            |       |    22 ||    22
 Cast: Magic Dart        |   107 |   156 ||   263
       Mephitic Cloud    |     1 |    10 ||    11
       Inner Flame       |       |     5 ||     5
       Conjure Flame     |       |     3 ||     3
       Throw Flame       |       |     3 ||     3
       Blink             |       |     3 ||     3
  Use: Scroll            |     4 |     5 ||     9
       Potion            |     2 |     4 ||     6
 Stab: Confused          |       |     2 ||     2
  Eat: Chunk             |     1 |     3 ||     4
       Bread ration      |       |     1 ||     1
Armor: Robe              |     2 |     6 ||     8
Dodge: Dodged            |    10 |    48 ||    58
